 Dungeon Crawl Stone Soup version 0.18-a0-1180-g64ccc1e (webtiles) character file.

56 namelastname112 the Scratcher (level 3, 0/15 HPs)
             Began as a Felid Transmuter on Jan 27, 2016.
             Succumbed to an adder's poison
             ... on level 2 of the Dungeon.
             The game lasted 00:02:26 (1504 turns).

namelastname112 the Scratcher (Felid Transmuter)    Turns: 1504, Time: 00:02:27

Health: 0/15       AC:  1    Str:  6    XL:     3   Next: 69%
Magic:  3/7        EV: 18    Int: 15    God:
Gold:   71         SH:  0    Dex: 16    Spells: 3 memorised, 1 level left
                                        Lives:  0   Deaths: 0

rFire  . . .     SeeInvis +     c - 3 meat rations
rCold  . . .     Gourm    .     (armour unavailable)
rNeg   . . .     Faith    .     (shield unavailable)
rPois  .         Spirit   .     (helmet unavailable)
rElec  .         Dismiss  .     (cloak unavailable)
rCorr  .         Reflect  .     (gloves unavailable)
SustAt .         Harm     .     (boots unavailable)
MR     .....                    (no amulet)
Stlth  ++........               (no ring)
                                (no ring)

@: lethally poisoned (0 -> -3), quick, not resistant to hostile enchantments,
unstealthy
A: no armour, no weapons or thrown items, claws 1, fangs 3, see invisible,
carnivore 3, speed 1, shaggy fur 1, slow metabolism 1, sharp paws
a: no special abilities


You were on level 2 of the Dungeon.
You were completely stuffed.

You visited 1 branch of the dungeon, and saw 2 of its levels.

You collected 71 gold pieces.

Inventory:

Missiles
 a - 53 arrows
Scrolls
 d - 3 scrolls of identify {unknown}
 f - a scroll of immolation {unknown}
 h - a scroll of recharging {unknown}
Books
 b - a book of Changes

   Spells                             Type                      Level
   a - Beastly Appendage              Transmutation                1
   b - Sticks to Snakes               Transmutation                2
   c - Spider Form                    Transmutation/Poison         3
   d - Ice Form                       Ice/Transmutation            4
   e - Blade Hands                    Transmutation                5
Comestibles
 c - 3 meat rations (in mouth)
 i - a beef jerky


   Skills:
 + Level 1.5 Fighting
 + Level 3.0 Dodging
 + Level 3.4 Unarmed Combat
 * Level 2.5 Spellcasting
 * Level 3.1 Transmutations


You had one spell level left.
You knew the following spells:

 Your Spells              Type           Power        Failure   Level  Hunger
a - Beastly Appendage     Trmt           ##....       8%          1    #......
c - Spider Form           Trmt/Pois      #.........   34%         3    ###....
x - Sticks to Snakes      Trmt           ##......     12%         2    ###....


Dungeon Overview and Level Annotations

Branches:
Dungeon (2/15)

Altars:
Trog


Innate Abilities, Weirdness & Mutations

You cannot wear armour.
You are incapable of wielding weapons or throwing items.
You have sharp claws.
You have razor-sharp teeth.
You have supernaturally acute eyesight.
You are carnivorous and can eat meat at any time.
You cover ground quickly.
You are covered in fur (AC +1).
You have a slow metabolism.
Your sharp claws are effective at attacking unaware monsters.


Message History

You swing at nothing.
You swing at nothing.
* * * LOW HITPOINT WARNING * * *
You feel sick.
You swing at nothing.
You swing at nothing.
* * * LOW HITPOINT WARNING * * *
You feel sick.
You swing at nothing.
You swing at nothing.
* * * LOW HITPOINT WARNING * * *
You feel sick.
You swing at nothing.
You are alive.
You are lethally poisoned (1 -> -2).
Your movement speed is quick.
Your attack speed is quite slow (and cannot be improved with additional weapon skill).
You are not resistant to hostile enchantments.
You are unstealthy.
You swing at nothing.
You die...

+..........#
#.........#
#.........#
#.........##
.#####...........
.....[...........
#####.†.........
#########S##.......
...(....#@# .......
#####.#.# ..>....
#.......# ###.... .
#.....### .... #.
#.....# ...
...#+#####.....#
#..........%..##
#............##
.#...........#####


You could see a friendly ball python.

Vanquished Creatures
  An adder (D:2)
  An ooze (D:1)
  A giant gecko (D:1)
  4 bats
  2 giant cockroaches (D:1)
  8 hobgoblins
  7 jackals
  4 kobolds (D:1)
  2 giant newts (D:1)
30 creatures vanquished.

Vanquished Creatures (collateral kills)
  An adder (D:2)
1 creature vanquished.

Grand Total: 31 creatures vanquished

Notes
Turn   | Place    | Note
--------------------------------------------------------------
     0 | D:1      | namelastname112 the Felid Transmuter began the quest for the Orb.
     0 | D:1      | Reached XP level 1. HP: 9/9 MP: 4/4
   317 | D:1      | Reached XP level 2. HP: 12/12 MP: 6/6
   967 | D:1      | Reached XP level 3. HP: 15/15 MP: 7/7
   972 | D:1      | Learned a level 3 spell: Spider Form
   975 | D:1      | Learned a level 2 spell: Sticks to Snakes
  1444 | D:2      | Found a bloodstained altar of Trog.
  1504 | D:2      | Succumbed to an adder's poison

Vault maps used:
D:1:      dpeg_arrival_arbitrary_a
D:2:      nicolae_overflow_crystal_walls, first_bread

Action                   || total
-------------------------++-------
Melee: Unarmed           ||   125
 Cast: Sticks to Snakes  ||     2
       Spider Form       ||     1
  Use: Potion            ||     2
 Stab: Sleeping          ||     1
  Eat: Chunk             ||     9
